← All builds
Tech / Armada / Economy first / OBSERVED BUILD

Standard tech

Armada Tech (Eco) build order · Supreme Isthmus

Rushes T2 by 4:15, gets Advanced Metal Extractor around 5:28, hands off T2 constructors to Geo and the team, then scales eco and supplies the team's T2 needs through the rest of the game.

Usually first T2 con to Geo (83%)

#eco #t2 #team support · 1579 distinct matches · 255 players · 58% of Armada Tech games · team won 53% of 1874 · Recently observed

HOW TO PLAY IT

Key timing: T2 factory by 4:15

  1. Open 3 mex and heavy wind to fund a fast T2 rush.
  2. Put down Bot Lab, planning to eat it for reclaim soon after.
  3. Get Advanced Bot Lab up, hitting the T2 factory rush timing.
  4. Upgrade mex to Advanced Metal Extractor to lock in team metal income.
  5. Eat Advanced Bot Lab and keep sending cons to Geo and Pond.

Phase by phase

TYPICAL OF ITS 1579 GAMES
  1. 1
  2. 2
  3. 3
  4. 4
PLAY THE OPENING

Follow the example game's first 6:00 step by step: what to build now, what comes next, and where it goes. At 1× it keeps pace with your own game.

  1. 1

    Up to the Bot Lab

    Economy
    • Metal Extractor3Mex
    • Wind Turbine4Wind
    Order
    1. Bot LabBot Lab after 3 mex, 4 winddone ~1:18, middle half 1:13–1:32

    Some games also: energy storage (31%)

    By 1:01 in all: 3 mex · 4 wind

    The example game in this phase · 3 steps
    1. Mex ×3
    2. Wind ×3
    3. Bot LabBot Labdone 1:10 · typical 1:18
  2. 2

    Bot Lab to Advanced Bot Lab

    Economy
    • Metal Extractor1Mex
    • Wind Turbine8Wind
    • Energy Storage1Energy storage
    Order
    1. Advanced Bot LabAdvanced Bot Lab after 4 mex, 12 wind, 3 con turretdone ~4:16, middle half 4:04–4:30
    Builders
    • Construction Turret3 Con turret
    • Lazarus3 Lazarus
    • Construction Bot2 Con bot
    • Construction Bot1 Con bot for allies

    Some games also: converter (36%)

    By 3:18 in all: 4 mex · 12 wind · 1 energy storage · 3 con turret

    The example game in this phase · 18 steps
    1. Wind
    2. LazarusLazarus
    3. Wind ×2
    4. LazarusLazarus
    5. Construction BotCon bot
    6. Wind ×3
    7. Energy storage
    8. LazarusLazarus
    9. Wind ×2
    10. Construction BotCon botfor Air
    11. Mex
    12. Construction BotCon bot
    13. Con turret
    14. Wind
    15. Con turret
    16. Wind
    17. Converter
    18. Advanced Bot LabAdvanced Bot Labdone 4:35 · typical 4:16
  3. 3

    Advanced Bot Lab to 5:00

    Economy
    • Wind Turbine3Wind
    Order
    1. Bot LabEat Bot Lab
    Builders
    • Advanced Construction Bot1 T2 con bot for allies

    Some games also: converter (35%)

    By 5:00 in all: 4 mex · 15 wind · 1 converter · 1 energy storage · 3 con turret

    The example game in this phase · 8 steps
    1. Converter
    2. Wind ×3
    3. Converter
    4. Bot LabEat Bot Labreclaimed for its metal
    5. Wind ×4
    6. Advanced Construction BotT2 con botfor Air
    7. Wind
    8. Advanced Metal ExtractorT2 mexdone 5:32 · typical 5:29
  4. 4

    5:00 to 10:00

    Economy
    • Wind Turbine43Wind
    • Energy Converter6Converter
    Builders
    • Butler9 Butler
    • Advanced Construction Bot4 T2 con bot for allies
    • Advanced Construction Bot1 T2 con bot

    Some games also: con turret (43%) · Butler for allies (36%)

    By 10:00 in all: 4 mex · 58 wind · 8 converter · 1 energy storage · 3 con turret

    The example game in this phase · 275 steps
    1. Wind
    2. Advanced Metal ExtractorT2 mex ×2
    3. Wind
    4. Advanced Construction BotT2 con botfor Pond
    5. ButlerButler
    6. Advanced Metal ExtractorT2 mex
    7. ButlerButler
    8. Wind ×5
    9. ButlerButler
    10. Wind ×2
    11. ButlerButler
    12. Wind ×2
    13. Advanced Construction BotT2 con bot
    14. Wind ×4
    15. ButlerButler
    16. Wind ×2
    17. ButlerButler
    18. Wind ×2
    19. ButlerButler
    20. Wind
    21. ButlerButler
    22. Wind
    23. Windfor unknown
    24. ButlerButler
    25. Wind
    26. Windfor unknown
    27. Wind
    28. Advanced Construction BotT2 con botfor Suicide front
    29. Windfor unknown
    30. Converter
    31. Wind ×3
    32. Windfor unknown
    33. Converter
    34. Wind
    35. Windfor unknown
    36. Converter ×2
    37. Wind
    38. Windfor unknown
    39. Advanced Construction BotT2 con bot
    40. Wind ×2
    41. Converter ×2
    42. Windfor unknown
    43. Wind
    44. Con turret
    45. Converter ×2
    46. Windfor unknown
    47. Wind
    48. Windfor unknown
    49. Converter
    50. Con turret
    51. Converter
    52. Wind ×2
    53. Con turret
    54. Converter
    55. Windfor unknown
    56. Converter
    57. Wind ×2
    58. Con turret
    59. Windfor unknown
    60. Wind
    61. Converter
    62. Con turret
    63. Converter
    64. Windfor unknown
    65. Wind
    66. Con turret
    67. Wind
    68. Construction BotCon botfor unknown
    69. Converter ×2
    70. Wind ×2
    71. Windfor unknown
    72. Wind
    73. Converter
    74. Construction BotCon bot
    75. Converter
    76. Windfor unknown
    77. Wind
    78. Windfor unknown
    79. Converter ×2
    80. Wind
    81. BeamerBeamer
    82. Wind ×3
    83. Converter
    84. Windfor unknown
    85. Converter
    86. Wind
    87. Windfor unknown
    88. Converter ×2
    89. Wind
    90. Windfor unknown
    91. Advanced Construction BotT2 con botfor Geo sea
    92. Wind ×3
    93. Converter ×2
    94. UmbrellaAnti-nukedone 10:36
    95. Windfor unknown
    96. Wind
    97. Fusion ReactorFusiondone 11:45
    98. Converter
    99. BeamerBeamer
    100. Wind
    101. Windfor unknown
    102. Converter
    103. Construction BotCon bot
    104. Windfor unknown
    105. Wind ×2
    106. Converter ×2
    107. Wind ×2
    108. Radar TowerRadar Tower
    109. Wind ×3
    110. Converter ×2
    111. Wind ×3
    112. BeamerBeamer
    113. Metal storage
    114. Wind ×2
    115. Converter
    116. Advanced Metal ExtractorT2 mex
    117. Converter
    118. Wind ×3
    119. Converter
    120. Dragon's TeethDragon's Teeth
    121. Wind
    122. Converter
    123. Wind
    124. Dragon's TeethDragon's Teeth
    125. Wind ×2
    126. Dragon's TeethDragon's Teeth
    127. Wind
    128. Converter
    129. Dragon's TeethDragon's Teeth
    130. Converter
    131. Wind ×2
    132. Dragon's TeethDragon's Teeth
    133. BeamerBeamer
    134. Dragon's TeethDragon's Teeth
    135. Wind
    136. Converter
    137. Wind
    138. Dragon's TeethDragon's Teeth
    139. Converter
    140. Wind ×2
    141. Dragon's TeethDragon's Teeth
    142. Advanced Construction BotT2 con botfor Geo sea
    143. Converter
    144. Dragon's TeethDragon's Teeth
    145. Wind ×2
    146. Dragon's TeethDragon's Teeth
    147. Converter
    148. Advanced Bot LabEat Advanced Bot Labreclaimed for its metal
    149. Dragon's TeethDragon's Teeth
    150. Wind ×2
    151. Converter
    152. Advanced Fusion ReactorAdvanced Fusion Reactornot finished by 15:00
    153. Dragon's TeethDragon's Teeth
    154. Fortification WallFortification Wall
    155. Dragon's TeethDragon's Teeth ×2
    156. Wind
    157. Fortification WallFortification Wall
    158. Wind
    159. Converter
    160. Fortification WallFortification Wall
    161. Dragon's TeethDragon's Teeth ×2
    162. Converter
    163. BeamerBeamer
    164. Wind ×2
    165. Pit BullPit Bull
    166. Dragon's TeethDragon's Teeth ×2
    167. Converter
    168. Wind ×2
    169. Dragon's TeethDragon's Teeth ×2
    170. Converter
    171. Wind ×2
    172. Dragon's TeethDragon's Teeth ×2
    173. Converter
    174. Dragon's TeethDragon's Teeth ×2
    175. Converter
    176. Wind ×2
    177. Mex
    178. Sneaky PeteSneaky Pete
    179. Dragon's TeethDragon's Teeth
    180. Wind ×2
    181. Converter
    182. Dragon's TeethDragon's Teeth
    183. BeamerBeamer
    184. Converter
    185. Wind ×2
    186. Dragon's TeethDragon's Teeth
    187. Converter
    188. Con turret
    189. Wind ×2
    190. Dragon's TeethDragon's Teeth
    191. Converter
    192. Con turret ×2
    193. Dragon's TeethDragon's Teeth
    194. Wind ×2
    195. Converter
    196. Dragon's TeethDragon's Teeth
    197. Converter
    198. Con turret
    199. Wind ×2
    200. Mex
    201. Dragon's TeethDragon's Teeth ×2
    202. Wind ×2
    203. Converter
    204. Dragon's TeethDragon's Teeth
    205. Converter
    206. Wind
    207. Dragon's TeethDragon's Teeth
    208. Wind
    209. Dragon's TeethDragon's Teeth
    210. Converter ×2
    211. Wind ×2
    212. Dragon's TeethDragon's Teeth ×2
    213. Wind ×2
    214. Dragon's TeethDragon's Teeth
    215. Converter
    216. BeamerBeamer
    217. Converter
    218. Dragon's TeethDragon's Teeth
    219. Wind ×2
    220. Dragon's TeethDragon's Teeth
    221. Wind
    222. Converter
    223. Wind
    224. Converter
    225. Dragon's TeethDragon's Teeth ×3
    226. Wind
    227. Dragon's TeethDragon's Teeth
    228. Wind
    229. Dragon's TeethDragon's Teeth ×3
    230. Converter ×2
    231. Dragon's TeethDragon's Teeth
    232. Wind ×2
    233. Dragon's TeethDragon's Teeth
    234. Pit BullPit Bull
    235. Dragon's TeethDragon's Teeth ×2
    236. Wind ×2
    237. Dragon's TeethDragon's Teeth ×2
    238. Converter ×2
    239. Dragon's TeethDragon's Teeth
    240. Wind ×2
    241. BeamerBeamer
    242. Dragon's TeethDragon's Teeth ×3
    243. Wind
    244. Converter ×2
    245. Wind
    246. Dragon's TeethDragon's Teeth ×2
    247. Wind
    248. Dragon's TeethDragon's Teeth
    249. Wind
    250. Dragon's TeethDragon's Teeth
    251. Converter
    252. Dragon's TeethDragon's Teeth
    253. Converter
    254. Dragon's TeethDragon's Teeth
    255. Wind ×2
    256. Dragon's TeethDragon's Teeth
    257. Wind ×2
    258. Converter
    259. Dragon's TeethDragon's Teeth
    260. Converter
    261. Dragon's TeethDragon's Teeth
    262. Wind ×2
    263. Dragon's TeethDragon's Teeth
    264. Converter
    265. Wind ×2
    266. Converter
    267. Dragon's TeethDragon's Teeth
    268. Wind ×2
    269. Converter ×2
    270. Wind ×4
    271. Converter ×2
    272. Wind ×4
    273. Converter
    274. Wind ×2
    275. Con turret

Counts are medians over the build's games: half of them build more, half fewer. The example game is ITz_Sifu's (35 OS, 12/10/2026); pick another.

Team trades

IN AT LEAST 30% OF ITS GAMES

You hand over

  • Construction Bot1 Con bot to Airfirst at 2:23 · in 84% of games
  • Advanced Construction Bot5 T2 con bot to Air or Geo sea or Pondfirst at 4:50 · in 99% of games
  • Butler2 Butler to Geo sea or Beach sea or Pondfirst at 9:07 · in 42% of games

You get

  • Hercules1 Light transport from Airfirst at 4:01 · in 86% of games

How it plays out

Typical game of this build, running totals by minute

Metal produced

020k40k
0:005:0010:0015:00

metal

Enemy metal destroyed

050100
0:005:0010:0015:00

metal

Own metal lost

050100150
0:005:0010:0015:00

metal

1874 games.

Show as table
ByMetal produced: This buildEnemy metal destroyed: This buildOwn metal lost: This build
1:0038300
2:0091500
3:00165100
4:00314400
5:00484700
6:00580000
7:00722700
8:00906100
9:001117300
10:001350300
11:001624200
12:001965600
13:002344500
14:0027362073
15:003154285130
WHAT THE NUMBERS SAY

Standard Tech play barely fights at all early, instead pouring metal into T2 infrastructure and constructors for the team.

  • + Metal produced hits 31679 by 15:00, by far the highest of any role here.
  • + T2 factory reached in 97% of games by 4:15, fastest and most reliable T2 timing.
  • − Enemy metal destroyed stays at 0 through 10:00, no early offense at all.
  • − Own metal lost also near 0, showing total avoidance of combat risk.
THE EXAMPLE YOU ARE READING

ITz_Sifu

34.7 OS · 12/10/2026

Open source match ↗

40 received units · includes a constructor
1410 metal received · 85542 energy received

Allied construction assistance is unknown. Timings are observations, not a promise of solo reproducibility.

Typical milestones

Bot Lab1:18Middle 50%: 1:13–1:32 · n=1874
Advanced Bot Lab4:16Middle 50%: 4:04–4:30 · n=1867
Advanced Metal Extractor5:29Middle 50%: 5:05–5:59 · n=1870

Played most by

Amrissa93games of this buildTheGeneraI66games of this buildAdeus57games of this buildEl_Turco56games of this buildKOT_43games of this build
Standard tech · Armada Tech (Eco) build order · BAR Build Atlas